Map: Ascension to Aiur LE

Players

DnS - Winner!

  • Race: Protoss Protoss
  • Spawn Location: 11:00

Elazer

  • Race: Zerg Zerg
  • Spawn Location: 5:00

Event: WCS Jonkoping 2017

VOD

Have the link to the VOD?

Description

Time

  • Played on: June 17, 2017, 1:25 p.m.
  • Length: 7:52

All games in this series

Show
View Real Time Build Order
Export as new Build Order

DnS Protoss - Winner!

Build Orders: 1 Gate Expand, Zealot Archon, Dark Templar Rush 

Get SALT Encoding   

  12  0:00  Probe (Chrono Boost)  
  13  0:11  Probe (Chrono Boost)  
  14  0:19  Pylon  
  14  0:22  Probe (Chrono Boost)  
  15  0:38  Probe (Chrono Boost), Gateway  
  16  0:45  Assimilator  
  16  0:48  Probe (Chrono Boost)  
  17  0:59  Probe (Chrono Boost)  
  18  1:09  Probe (Chrono Boost)  
  19  1:19  Nexus  
  19  1:22  Probe (Chrono Boost)  
  20  1:32  Cybernetics Core  
  20  1:35  Probe (Chrono Boost)  
  21  1:41  Assimilator  
  21  1:45  Probe (Chrono Boost)  
  22  1:52  Pylon  
  22  1:56  Probe (Chrono Boost)  
  23  2:09  Warp Gate  
  23  2:10  Probe, Adept (Chrono Boost)  
  26  2:20  Twilight Council  
  26  2:22  Probe  
  27  2:30  Probe  
  27  2:34  Probe, Adept (Chrono Boost)  
  31  2:40  Probe  
  32  2:46  Probe (Chrono Boost)  
  32  2:51  Robotics Facility  
  33  2:52  Probe (Chrono Boost)  
  34  2:58  Probe (Chrono Boost)  
  34  3:03  Probe (Chrono Boost)  
  36  3:08  Dark Shrine  
  36  3:09  Probe (Chrono Boost)  
  37  3:14  Probe (Chrono Boost)  
  37  3:19  Probe (Chrono Boost)  
  39  3:23  Gateway  
  39  3:24  Probe (Chrono Boost)  
  40  3:30  Probe (Chrono Boost)  
  40  3:32  Gateway  
  40  3:33  Gateway  
  41  3:35  Probe (Chrono Boost)  
  42  3:42  Warp Prism (Chrono Boost)  
  42  3:46  Pylon, Probe  
  45  3:49  Probe  
  46  3:56  Assimilator  
  46  3:58  Pylon, Assimilator  
  46  4:02  Probe  
  46  4:04  Probe  
  48  4:10  Pylon  
  48  4:13  Probe (Chrono Boost)  
  48  4:14  Zealot  
  48  4:16  Probe (Chrono Boost)  
  52  4:23  Pylon  
  52  4:25  Probe (Chrono Boost)  
  52  4:28  Probe (Chrono Boost)  
  54  4:36  Probe (Chrono Boost)  
  55  4:38  Dark Templar x2  
  55  4:39  Dark Templar x2  
  55  4:43  Probe (Chrono Boost)  
  63  4:58  Probe (Chrono Boost)  
  62  5:06  Archon  
  62  5:11  Dark Templar x3  
  62  5:12  Zealot  
  70  5:15  Nexus  
  70  5:18  Pylon  
  71  5:24  Mothership Core (Chrono Boost)  
  71  5:26  Charge (Chrono Boost)  
  66  5:43  Gateway  
  66  5:44  Gateway  
  66  5:46  Gateway  
  58  5:51  Zealot x4  
  58  5:54  Gateway  
  65  6:07  Pylon  
  65  6:08  Pylon  
  57  6:18  Dark Templar  
  57  6:19  Dark Templar x3  
  65  6:25  Archon  
  65  6:26  Archon  
  65  6:28  Pylon  
  65  6:36  Nexus  
  65  6:37  Pylon  
  65  6:58  Dark Templar x3  
  65  7:00  Zealot x3, Dark Templar  
  65  7:01  Zealot  
  80  7:03  Archon  
  80  7:04  Archon  
  80  7:07  Pylon  
  80  7:22  Zealot, Dark Templar  
  81  7:23  Zealot x2  
  87  7:30  Zealot x2  
  87  7:31  Zealot  
  87  7:32  Zealot  
  91  7:46  Zealot x2  
  91  7:51  Zealot x4  
Show
View Real Time Build Order
Export as new Build Order

Elazer Zerg 

Build Orders: Hatch First 

Get SALT Encoding   

  12  0:00  Drone  
  13  0:12  Overlord  
  13  0:17  Drone  
  14  0:30  Drone x2  
  14  0:34  Drone  
  17  0:50  Hatchery  
  17  0:53  Drone  
  17  0:57  Drone  
  18  1:07  Extractor  
  17  1:11  Spawning Pool  
  17  1:15  Drone  
  17  1:18  Drone  
  18  1:27  Drone  
  19  1:38  Overlord  
  19  1:50  Drone  
  20  1:58  Queen  
  20  1:59  Drone  
  23  2:02  Queen, Zergling x2  
  23  2:06  Metabolic Boost  
  26  2:10  Drone  
  26  2:13  Drone  
  28  2:21  Drone  
  29  2:24  Drone  
  30  2:33  Drone  
  31  2:38  Hatchery  
  31  2:43  Pneumatized Carapace  
  30  2:45  Zergling x2  
  30  2:48  Drone  
  30  2:50  Drone  
  33  2:55  Overlord  
  33  3:03  Drone  
  34  3:07  Drone x2  
  36  3:13  Queen  
  36  3:15  Drone x2  
  36  3:16  Drone  
  36  3:18  Drone x2  
  43  3:28  Overlord  
  43  3:29  Drone  
  43  3:32  Spore Crawler  
  43  3:33  Spore Crawler  
  44  3:45  Extractor, Roach Warren  
  44  3:47  Lair  
  43  3:50  Evolution Chamber, Queen  
  43  3:52  Drone x3  
  43  3:53  Drone  
  49  3:55  Drone  
  49  3:59  Spore Crawler  
  49  4:00  Drone, Overlord  
  49  4:02  Zergling x4  
  52  4:06  Spore Crawler  
  51  4:11  Zergling x4  
  51  4:13  Spore Crawler  
  52  4:18  Zergling x8  
  56  4:25  Zerg Melee Weapons Level 1  
  56  4:27  Zergling x6  
  56  4:31  Queen  
  59  4:35  Overlord  
  61  4:39  Zergling x6  
  64  4:45  Overseer  
  60  4:54  Zergling x12  
  60  4:57  Zergling x10  
  66  5:02  Zergling x2  
  66  5:03  Zergling x4  
  66  5:06  Zergling x2  
  70  5:08  Queen  
  72  5:16  Zergling x4  
  72  5:17  Overlord  
  73  5:24  Zergling x2  
  73  5:28  Zergling x2  
  74  5:34  Overlord  
  68  5:38  Zergling x10  
  68  5:40  Zergling x2  
  68  5:41  Zergling x12  
  69  5:50  Zergling x4  
  69  5:51  Zergling x4  
  69  5:52  Queen  
  75  5:57  Overlord  
  75  5:58  Drone x2  
  75  6:03  Drone  
  76  6:12  Overlord  
  76  6:13  Drone x3  
  76  6:15  Drone  
  76  6:16  Drone  
  76  6:20  Extractor  
  76  6:22  Hydralisk Den  
  76  6:23  Drone x3  
  76  6:24  Extractor, Drone  
  77  6:30  Queen  
  79  6:35  Spine Crawler  
  79  6:36  Drone x3  
  81  6:46  Zergling x10  
  86  7:00  Overlord  
  85  7:01  Drone x7  
  85  7:03  Drone  
  91  7:11  Extractor, Hydralisk  
  91  7:15  Zergling x12  
  98  7:17  Hydralisk  
  98  7:22  Hydralisk  
  104  7:23  Overlord  
  104  7:28  Hydralisk  
Tags
 
Add a new tag
Caveats
  • Supply blocks, unpowered buildings, or Contaminate may cause inaccurate times.
  • Supply counts are checked every 10 seconds.